NYP
VANCOUVER CANADIANS @ LOWELL SPINNERS
04/11/2048
 
TOP OF THE 1ST
Vancouver Canadians batting - Pitching for Lowell Spinners : RHP Ryuhei Shimabukuro
Pitching: RHP Ryuhei Shimabukuro
Batting: RHB Kennet Strijbis 0-0: Called Strike
0-1: Ball
1-1: Ground out 5-3 (Groundball, 56S, EV 89.4 MPH)
Batting: RHB Nikita Schram 0-0: Ground out 4-3 (Groundball, 6M, EV 110.0 MPH)
Batting: RHB Norm Mercer 0-0: Ball
1-0: Ground out 6-3 (Groundball, 4M, EV 101.2 MPH)
Top of the 1st over - 0 runs, 0 hits, 0 errors, 0 left on base; Vancouver 0 - Lowell 0
BOTTOM OF THE 1ST
Lowell Spinners batting - Pitching for Vancouver Canadians : RHP John York
Pitching: RHP John York
Batting: RHB Aukukero Tairi 0-0: Ball
1-0: Foul Ball, location: 2F
1-1: Ball
2-1: Ground out 5-3 (Groundball, 56, EV 87.5 MPH)
Batting: SHB Salvador Padilla 0-0: Ball
1-0: Ball
2-0: Swinging Strike
2-1: Ball
3-1: Foul Ball, location: 2F
3-2: Strikes out swinging
Batting: RHB Xavier Joslin 0-0: Ball
1-0: Ball
2-0: Fly out, F8 (Flyball, 8LXD, EV 107.5 MPH)
Bottom of the 1st over - 0 runs, 0 hits, 0 errors, 0 left on base; Vancouver 0 - Lowell 0
TOP OF THE 2ND
Vancouver Canadians batting - Pitching for Lowell Spinners : RHP Ryuhei Shimabukuro
Batting: RHB Carlos Renteria 0-0: Called Strike
0-1: Called Strike
0-2: Ball
1-2: Strikes out looking
Batting: SHB Scott Robbins 0-0: Ball
1-0: Called Strike
1-1: Ball
2-1: Foul Ball, location: 2F
2-2: Ball
3-2: Base on Balls
Batting: RHB Brian Manson 0-0: Called Strike
0-1: DOUBLE (Line Drive, 78D, EV 98.1 MPH)
Scott Robbins to third
Batting: RHB Elliot Manfredini 0-0: SINGLE (Groundball, 56D, EV 103.8 MPH)
Scott Robbins scores
Brian Manson to third
Runner from 3rd tries for Home, SAFE, throw by LF to home
Batting: LHB Tso-lin Fen 0-0: Ball
1-0: Grounds into double play, 4-6-3 (Groundball, 4, EV 89.4 MPH)
Top of the 2nd over - 2 runs, 2 hits, 0 errors, 0 left on base; Vancouver 2 - Lowell 0
BOTTOM OF THE 2ND
Lowell Spinners batting - Pitching for Vancouver Canadians : RHP John York
Now in CF: Ricky Carbajal
Batting: RHB Guillermo Quintero 0-0: Ball
1-0: Ground out 4-3 (Groundball, 4, EV 86.2 MPH)
Batting: RHB Raul Sanchez 0-0: Ball
1-0: Foul Ball, location: 2F
1-1: Foul Ball, location: 2F
1-2: Foul Ball, location: 2F
1-2: Strikes out swinging
Batting: RHB Mario Arriero 0-0: Ball
1-0: Ball
2-0: Foul Ball, location: 2F
2-1: Ball
3-1: Called Strike
3-2: Foul Ball, location: 2F
3-2: Strikes out looking
Bottom of the 2nd over - 0 runs, 0 hits, 0 errors, 0 left on base; Vancouver 2 - Lowell 0
TOP OF THE 3RD
Vancouver Canadians batting - Pitching for Lowell Spinners : RHP Ryuhei Shimabukuro
Batting: RHB Luis Vargas 0-0: Swinging Strike
0-1: Called Strike
0-2: Strikes out swinging
Batting: RHB Kennet Strijbis 0-0: Ball
1-0: Foul Ball, location: 2F
1-1: SINGLE (Groundball, 5S, EV 70.0 MPH) (infield hit)
Batting: RHB Nikita Schram 0-0: Ball
Kennet Strijbis steals 2nd base (no throw)
1-0: Ball
2-0: SINGLE (Line Drive, 5D, EV 104.4 MPH)
Kennet Strijbis to third
Runner from 3rd tries for Home, SAFE, throw by LF to home
Batting: RHB Norm Mercer 0-0: Ball
Nikita Schram steals 2nd base
1-0: Called Strike
1-1: Fly out, F9 (Flyball, 9, EV 93.1 MPH)
Batting: RHB Carlos Renteria 0-0: Ball
1-0: DOUBLE (Groundball, 5L, EV 110.0 MPH)
Nikita Schram scores
Batting: SHB Scott Robbins 0-0: Called Strike
0-1: Ball
Wild Pitch!
Carlos Renteria to third
1-1: SINGLE (Groundball, 4, EV 97.5 MPH)
Carlos Renteria scores
Batting: RHB Ricky Carbajal 0-0: Foul Ball, location: 2F
0-1: Ball
1-1: Foul Ball, location: 2F
1-2: Ground out 5-3 (Groundball, 56S, EV 81.9 MPH)
Top of the 3rd over - 3 runs, 4 hits, 0 errors, 1 left on base; Vancouver 5 - Lowell 0
BOTTOM OF THE 3RD
Lowell Spinners batting - Pitching for Vancouver Canadians : RHP John York
Batting: RHB Matt Parker 0-0: Ball
1-0: Ground out 5-3 (Groundball, 56, EV 86.2 MPH)
Batting: RHB Rogelio Cervantes 0-0: Ball
1-0: Swinging Strike
1-1: Fly out, F4 (Line Drive, 4D, EV 69.4 MPH)
Batting: RHB Willie Camacho 0-0: Ball
1-0: SINGLE (Flyball, 8RS, EV 99.4 MPH)
Batting: RHB Aukukero Tairi 0-0: Ball
1-0: Called Strike
1-1: Ball
2-1: Ball
3-1: Swinging Strike
3-2: Strikes out swinging
Bottom of the 3rd over - 0 runs, 1 hit, 0 errors, 1 left on base; Vancouver 5 - Lowell 0
TOP OF THE 4TH
Vancouver Canadians batting - Pitching for Lowell Spinners : RHP Ryuhei Shimabukuro
Batting: RHB Elliot Manfredini 0-0: Ball
1-0: Foul Ball, location: 2F
1-1: Swinging Strike
1-2: Strikes out looking
Batting: LHB Tso-lin Fen 0-0: Ball
1-0: Ball
2-0: Called Strike
2-1: Ball
3-1: Base on Balls
Batting: RHB Luis Vargas 0-0: Called Strike
Tso-lin Fen steals 2nd base
0-1: Hit by Pitch
Pitching: RHP Jose Abanto
Batting: RHB Kennet Strijbis 0-0: Called Strike
0-1: Ball
1-1: Ball
2-1: Foul Ball, location: 2F
2-2: Ball
3-2: Fielders Choice at 2nd, 6-4 (Groundball, 6MD, EV 102.5 MPH)
Tso-lin Fen to third
Batting: RHB Nikita Schram 0-0: Called Strike
0-1: Called Strike
0-2: Ball
Kennet Strijbis steals 2nd, throwing error, E2
Tso-lin Fen scores
Kennet Strijbis to third
1-2: Ball
2-2: Foul Ball, location: 2F
2-2: Ball
3-2: Hit by Pitch
Batting: RHB Norm Mercer 0-0: Swinging Strike
0-1: Foul Ball, location: 2F
0-2: Ball
1-2: Ball
2-2: Ball
3-2: Base on Balls
Nikita Schram to second
Batting: RHB Carlos Renteria 0-0: Called Strike
0-1: Called Strike
0-2: Ball
1-2: Foul Ball, location: 2F
1-2: Strikes out swinging
Top of the 4th over - 1 run, 0 hits, 1 error, 3 left on base; Vancouver 6 - Lowell 0
BOTTOM OF THE 4TH
Lowell Spinners batting - Pitching for Vancouver Canadians : RHP John York
Batting: SHB Salvador Padilla 0-0: Called Strike
0-1: Fly out, F8 (Flyball, 8LM, EV 81.2 MPH)
Batting: RHB Xavier Joslin 0-0: Called Strike
0-1: Ball
1-1: Ground out U3 (Groundball, 3, EV 100.6 MPH)
Batting: RHB Guillermo Quintero 0-0: Ball
1-0: Foul Ball, location: 2F
1-1: Foul Ball, location: 2F
1-2: Ball
2-2: Ball
3-2: Foul Ball, location: 2F
3-2: Fly out, F7 (Flyball, 7LM, EV 101.2 MPH)
Bottom of the 4th over - 0 runs, 0 hits, 0 errors, 0 left on base; Vancouver 6 - Lowell 0
TOP OF THE 5TH
Vancouver Canadians batting - Pitching for Lowell Spinners : RHP Jose Abanto
Batting: SHB Scott Robbins 0-0: Ball
1-0: Ball
2-0: Called Strike
2-1: Foul Ball, location: 2F
2-2: Ball
3-2: Base on Balls
Batting: RHB Ricky Carbajal 0-0: Hit by Pitch
Scott Robbins to second
Batting: RHB Elliot Manfredini 0-0: Foul Ball, location: 2F
0-1: Foul Ball, location: 2F
0-2: Ball
1-2: Strikes out swinging
Batting: LHB Tso-lin Fen 0-0: Ball
1-0: Ball
2-0: Foul Ball, location: 2F
2-1: Called Strike
2-2: Strikes out swinging
Batting: RHB Luis Vargas 0-0: Ball
1-0: Foul Ball, location: 2F
1-1: Ball
2-1: Ball
3-1: Base on Balls
Scott Robbins to third
Ricky Carbajal to second
Batting: RHB Kennet Strijbis 0-0: Ball
1-0: Fielders Choice at 2nd, 5-4 (Groundball, 5, EV 90.0 MPH)
Top of the 5th over - 0 runs, 0 hits, 0 errors, 3 left on base; Vancouver 6 - Lowell 0
BOTTOM OF THE 5TH
Lowell Spinners batting - Pitching for Vancouver Canadians : RHP John York
Batting: RHB Raul Sanchez 0-0: Ball
1-0: Ball
2-0: Fly out, F7 (Line Drive, 78M, EV 101.9 MPH)
Batting: RHB Mario Arriero 0-0: Ball
1-0: Ball
2-0: Ball
3-0: Foul Ball, location: 2F
3-1: Fly out, F9 (Line Drive, 9LM, EV 93.8 MPH)
Batting: RHB Matt Parker 0-0: Foul Ball, location: 2F
0-1: Ball
1-1: SINGLE (Groundball, 56S, EV 71.2 MPH) (infield hit)
Batting: RHB Rogelio Cervantes 0-0: Ball
1-0: Ball
2-0: Called Strike
2-1: Fly out, F9 (Line Drive, 89M, EV 110.6 MPH)
Bottom of the 5th over - 0 runs, 1 hit, 0 errors, 1 left on base; Vancouver 6 - Lowell 0
TOP OF THE 6TH
Vancouver Canadians batting - Pitching for Lowell Spinners : RHP Jose Abanto
Batting: RHB Nikita Schram 0-0: Ball
1-0: Swinging Strike
1-1: Swinging Strike
1-2: Strikes out looking
Batting: RHB Norm Mercer 0-0: Called Strike
0-1: SINGLE (Groundball, 56D, EV 108.1 MPH)
Batting: RHB Carlos Renteria 0-0: Called Strike
0-1: Fly out, F8 (Flyball, 8LD, EV 81.2 MPH)
Batting: SHB Scott Robbins 0-0: Ball
1-0: Swinging Strike
1-1: Ball
2-1: Foul Ball, location: 2F
2-2: Foul Ball, location: 2F
2-2: Ground out U3 (Groundball, 3L, EV 105.6 MPH)
Top of the 6th over - 0 runs, 1 hit, 0 errors, 1 left on base; Vancouver 6 - Lowell 0
BOTTOM OF THE 6TH
Lowell Spinners batting - Pitching for Vancouver Canadians : RHP John York
Batting: RHB Willie Camacho 0-0: Called Strike
0-1: Ball
1-1: Ball
2-1: Ball
3-1: Called Strike
3-2: Fly out, F8 (Flyball, 8RM, EV 84.4 MPH)
Batting: RHB Aukukero Tairi 0-0: Called Strike
0-1: Ball
1-1: Ball
2-1: Ball
3-1: Foul Ball, location: 2F
3-2: Base on Balls
Batting: SHB Salvador Padilla 0-0: Called Strike
0-1: Foul Ball, location: 2F
0-2: Ball
1-2: Fly out, F9 (Flyball, 89S, EV 95.6 MPH)
Batting: RHB Xavier Joslin 0-0: Called Strike
0-1: Called Strike
0-2: Foul Ball, location: 2F
0-2: Strikes out looking
Bottom of the 6th over - 0 runs, 0 hits, 0 errors, 1 left on base; Vancouver 6 - Lowell 0
TOP OF THE 7TH
Vancouver Canadians batting - Pitching for Lowell Spinners : RHP Jose Abanto
Batting: RHB Ricky Carbajal 0-0: Ball
1-0: Foul Ball, location: 2F
1-1: Swinging Strike
1-2: Ball
2-2: Strikes out swinging
Batting: RHB Elliot Manfredini 0-0: Called Strike
0-1: Called Strike
0-2: Strikes out swinging, 2-3 out at first.
Batting: LHB Tso-lin Fen 0-0: Called Strike
0-1: Ball
1-1: Foul Ball, location: 2F
1-2: Ball
2-2: Ball
3-2: SINGLE (Groundball, 4MD, EV 97.5 MPH)
Pitching: RHP Nherbert Silivan
Batting: RHB Luis Vargas 0-0: SINGLE (Groundball, 5S, EV 62.5 MPH) (infield hit)
Tso-lin Fen to second
Batting: RHB Kennet Strijbis 0-0: Called Strike
0-1: Ball
1-1: Fly out, F7 (Flyball, 7D, EV 103.8 MPH)
Top of the 7th over - 0 runs, 2 hits, 0 errors, 2 left on base; Vancouver 6 - Lowell 0
BOTTOM OF THE 7TH
Lowell Spinners batting - Pitching for Vancouver Canadians : RHP John York
Batting: RHB Guillermo Quintero 0-0: Ground out U3 (Groundball, 13, EV 83.1 MPH)
Batting: RHB Raul Sanchez 0-0: Ball
1-0: Foul Ball, location: 2F
1-1: Ball
2-1: Swinging Strike
2-2: Strikes out swinging, 2-3 out at first.
Batting: RHB Mario Arriero 0-0: Ball
1-0: Called Strike
1-1: Ball
2-1: Fly out, F8 (Flyball, 8RM, EV 90.0 MPH)
Bottom of the 7th over - 0 runs, 0 hits, 0 errors, 0 left on base; Vancouver 6 - Lowell 0
TOP OF THE 8TH
Vancouver Canadians batting - Pitching for Lowell Spinners : RHP Nherbert Silivan
Batting: RHB Nikita Schram 0-0: Foul Ball, location: 2F
0-1: Ball
1-1: Foul Ball, location: 2F
1-2: Foul Ball, location: 2F
1-2: Strikes out looking
Batting: RHB Norm Mercer 0-0: Fly out, F8 (Flyball, 8RM, EV 88.1 MPH)
Batting: RHB Carlos Renteria 0-0: Ground out 6-3 (Groundball, 56, EV 111.9 MPH)
Top of the 8th over - 0 runs, 0 hits, 0 errors, 0 left on base; Vancouver 6 - Lowell 0
BOTTOM OF THE 8TH
Lowell Spinners batting - Pitching for Vancouver Canadians : RHP John York
Pitching: RHP Allen Vesey
Batting: RHB Matt Parker 0-0: Foul Ball, location: 2F
0-1: Foul Ball, location: 2F
0-2: Ball
1-2: Strikes out swinging
Batting: RHB Rogelio Cervantes 0-0: Ball
1-0: Ball
2-0: Swinging Strike
2-1: Swinging Strike
2-2: Strikes out looking
Batting: RHB Willie Camacho 0-0: Called Strike
0-1: Ground out U3 (Groundball, 3, EV 81.2 MPH)
Bottom of the 8th over - 0 runs, 0 hits, 0 errors, 0 left on base; Vancouver 6 - Lowell 0
TOP OF THE 9TH
Vancouver Canadians batting - Pitching for Lowell Spinners : RHP Nherbert Silivan
Pitching: LHP Chris Deans
Batting: SHB Scott Robbins 0-0: Foul Ball, location: 2F
0-1: Swinging Strike
0-2: Ball
1-2: Ball
2-2: Ball
3-2: Strikes out swinging
Batting: RHB Ricky Carbajal 0-0: Ball
1-0: Foul Ball, location: 2F
1-1: Called Strike
1-2: Ball
2-2: Foul Ball, location: 2F
2-2: DOUBLE (Line Drive, 89D, EV 103.8 MPH)
Batting: RHB Elliot Manfredini 0-0: Ball
1-0: Called Strike
1-1: Ball
2-1: Fly out, F7 (Line Drive, 7, EV 93.8 MPH)
Batting: LHB Tso-lin Fen 0-0: Ball
1-0: Foul Ball, location: 2F
1-1: Ball
2-1: Foul Ball, location: 2F
2-2: Ball
3-2: Ground out 6-3 (Groundball, 6, EV 104.4 MPH)
Top of the 9th over - 0 runs, 1 hit, 0 errors, 1 left on base; Vancouver 6 - Lowell 0
BOTTOM OF THE 9TH
Lowell Spinners batting - Pitching for Vancouver Canadians : RHP Allen Vesey
Batting: RHB Aukukero Tairi 0-0: Foul Ball, location: 2F
0-1: Called Strike
0-2: Fly out, F7 (Flyball, 7LSF, EV 85.6 MPH)
Batting: SHB Salvador Padilla 0-0: Swinging Strike
0-1: Swinging Strike
0-2: Strikes out swinging
Batting: RHB Xavier Joslin 0-0: Called Strike
0-1: Ball
1-1: Called Strike
1-2: Strikes out looking
Bottom of the 9th over - 0 runs, 0 hits, 0 errors, 0 left on base; Vancouver 6 - Lowell 0
Tuesday, March 28th , 2023 - OOTP Baseball 23.10 Build 110